 Dungeon Sprint DCSS version 0.23.2-30-g0e89c35649 (webtiles) character file.

Game seed: 11410275109574115029

189 HASTUR3 the Destroyer (level 5, -2/28 HPs)
             Began as a Deep Elf Air Elementalist on June 19, 2019.
             Was a Follower of Sif Muna.
             Slain by a wraith (9 damage)
             ... in the Dungeon (Sprint IX: "|||||||||||||||||||||||||||||").
             The game lasted 00:03:27 (276 turns).

HASTUR3 the Destroyer (Deep Elf Air Elementalist)    Turns: 276, Time: 00:03:28

Health: -2/28      AC:  4    Str:  5    XL:     5   Next: 40%
Magic:  2/12       EV: 13    Int: 27    God:    Sif Muna [*.....]
Gold:   0          SH:  0    Dex: 15    Spells: 1/11 levels left

rFire    . . .     SeeInvis .   (no weapon)
rCold    . . .     Gourm    .   (no shield)
rNeg     . . .     Faith    .   a - +0 robe
rPois    .         Spirit   .   n - +0 helmet
rElec    .         Reflect  .   o - +0 cloak
rCorr    .         Harm     .   (no gloves)
MR       .....     NoTele   +   (no boots)
Stlth    ++........             (no amulet)
HPRegen  0.09/turn              q - +3 ring of intelligence
MPRegen  0.13/turn              r - +3 ring of intelligence

@: sluggish, very slow
A: no striking features
a: Divine Energy, Renounce Religion


You were in the Dungeon.
You worshipped Sif Muna.
Sif Muna was aware of your devotion.
You were not hungry.

You visited 1 branch

Inventory:

Armour
 a - a +0 robe (worn)
 n - a +0 helmet (worn)
 o - a +0 cloak (worn)
Magical Staves
 m - an uncursed staff of energy
Jewellery
 q - a +3 ring of intelligence (left hand)
 r - a +3 ring of intelligence (right hand)
Wands
 l - a wand of acid (10)
Scrolls
 i - 2 scrolls of blinking
 j - 3 scrolls of remove curse
 k - 2 scrolls of amnesia
Potions
 d - a potion of invisibility
 e - 3 potions of heal wounds
 f - a potion of haste
 g - 4 potions of magic
 h - 4 potions of curing
Comestibles
 c - a ration


   Skills:
 - Level 2.4 Dodging
 - Level 2.4 Stealth
 + Level 3.7 Spellcasting
 + Level 9.4 Conjurations
 * Level 3.4 Charms
 * Level 7.1 Air Magic


You had one spell level left.
You knew the following spells:

 Your Spells              Type           Power        Failure   Level  Hunger
a - Shock                 Conj/Air       ####         1%          1    None
b - Static Discharge      Conj/Air       #####...     1%          3    ##.....
c - Airstrike             Air            #####.....   4%          4    ####...
d - Swiftness             Chrm/Air       ####....     1%          2    None

Your spell library contained the following spells:

 Spells                   Type           Power        Failure   Level  Hunger
 Lightning Bolt           Conj/Air       #####.....   8%          5    #####..


Dungeon Overview and Level Annotations

Branches:
Dungeon (1/1)

Altars:
Cheibriados
Dithmenos
Elyvilon
Fedhas
Gozag
Hepliaklqana
Kikubaaqudgha
Makhleb
Nemelex Xobeh
Okawaru
Qazlal
Ru
Sif Muna
Trog
Uskayaw
Vehumet
Wu Jian
Xom
Yredelemnul
Zin
The Shining One
Beogh
Jiyva
Lugonu


Message History

Confirm with . or Enter, or press ? or * to list all spells.
Aiming: Shock (safe; 1% risk of failure)
Press: ? - help, Shift-Dir - straight line, f/p - iguana
Aim: an iguana (heavily wounded)
The zap hits the wraith but does no damage.
The wraith is almost destroyed.
The zap hits the steam dragon.
The steam dragon is almost dead.
The zap hits the hound.
You kill the hound!
Sif Muna accepts your kill.
You can now request divine energy to cast spells with insufficient magic.
Your Charms skill gained 2 levels and is now at level 3!
Your Air Magic skill increases to level 7!
The zap hits the iguana.
The iguana is heavily wounded.
The zap hits the worker ant.
The worker ant is almost dead.
The wraith hits you!
You die...

▓_▓
▓_▓
▓_▓
▓_▓
▓_▓
▓_▓
▓_▓
▓_▓
▓@▓
▓W▓
▓D▓
▓_▓
▓_▓
▓l▓
▓a▓
▓.▓
▓.▓


You could see a wraith, a steam dragon, an iguana and a worker ant.

Vanquished Creatures
  A phantom (D)
  2 hounds (D)
  A worker ant (D)
  An adder (D)
  A giant cockroach (D)
  3 bats (D)
  A frilled lizard (D)
  A giant cockroach zombie (D)
  A rat (D)
12 creatures vanquished.

Notes
Turn   | Place    | Note
-------+----------+-------------------------------------------
     0 | D        | HASTUR3 the Deep Elf Air Elementalist began the quest for
                  | the Orb.
     0 | D        | Reached XP level 1. HP: 10/10 MP: 6/6
     5 | D        | Reached skill level 2 in Conjurations
    45 | D        | Noticed a phantom
    45 | D        | Noticed a hound
    45 | D        | Noticed a worker ant
    47 | D        | Reached skill level 3 in Conjurations
    51 | D        | Killed a hound
    51 | D        | Reached skill level 5 in Conjurations
    51 | D        | Reached XP level 2. HP: 15/15 MP: 0/8
    51 | D        | Reached XP level 3. HP: 19/19 MP: 0/9
    51 | D        | Reached skill level 6 in Conjurations
    51 | D        | Reached skill level 5 in Air Magic
    82 | D        | Killed a phantom
    82 | D        | Reached skill level 9 in Conjurations
    82 | D        | Reached XP level 4. HP: 15/24 MP: 0/10
    82 | D        | Reached XP level 5. HP: 17/28 MP: 0/11
   171 | D        | Learned a level 3 spell: Static Discharge
   176 | D        | Learned a level 4 spell: Airstrike
   179 | D        | Learned a level 2 spell: Swiftness
   184 | D        | Found a roughly hewn altar of Beogh.
   184 | D        | Found a snail-covered altar of Cheibriados.
   184 | D        | Found a shadowy altar of Dithmenos.
   184 | D        | Found a white marble altar of Elyvilon.
   184 | D        | Found a blossoming altar of Fedhas.
   184 | D        | Found an opulent altar of Gozag.
   185 | D        | Found a hazy altar of Hepliaklqana.
   186 | D        | Found a viscous altar of Jiyva.
   187 | D        | Found an ancient bone altar of Kikubaaqudgha.
   188 | D        | Found a corrupted altar of Lugonu.
   189 | D        | Found a burning altar of Makhleb.
   190 | D        | Found a sparkling altar of Nemelex Xobeh.
   191 | D        | Found an iron altar of Okawaru.
   192 | D        | Found a stormy altar of Qazlal.
   193 | D        | Found a sacrificial altar of Ru.
   194 | D        | Found a deep blue altar of Sif Muna.
   195 | D        | Found a bloodstained altar of Trog.
   196 | D        | Found a hide-covered altar of Uskayaw.
   197 | D        | Found a radiant altar of Vehumet.
   198 | D        | Found an ornate altar of the Wu Jian Council.
   199 | D        | Found a shimmering altar of Xom.
   200 | D        | Found a basalt altar of Yredelemnul.
   201 | D        | Found a glowing silver altar of Zin.
   202 | D        | Found a glowing golden altar of the Shining One.
   204 | D        | Became a worshipper of Sif Muna the Loreminder
   253 | D        | Noticed a wraith
   253 | D        | Noticed a steam dragon
   256 | D        | Reached skill level 1 in Charms
   276 | D        | Reached * piety under Sif Muna
   276 | D        | Slain by a wraith

Skill      XL: |  1  2  3  4  5 |
---------------+----------------+-----
Conjurations   | 5 9 |  9.4
Air Magic      | 4 6 7 |  7.1
Charms         | 3 |  3.4
Dodging        | |  2.4
Stealth        | |  2.4
Spellcasting   | |  3.7

Action                   |  1- 3 |  4- 6 || total
-------------------------+-------+-------++-------
Melee: Unarmed           |    10 |       ||    10
 Cast: Shock             |    13 |     6 ||    19
       Swiftness         |       |     1 ||     1
       Airstrike         |       |     1 ||     1
  Use: Potion            |     2 |       ||     2
Armor: Robe              |     2 |       ||     2
Dodge: Dodged            |     8 |     2 ||    10
